 Dungeon Crawl Stone Soup version 0.30.1-11-g7821555f0a (webtiles) character file.

Game seed: 7739001068383109760

4015 PlayingRandomsOnly the Carver (level 10, -2/81 HPs)
             Began as a Minotaur Reaver on Dec 21, 2023.
             Was a Priest of Hepliaklqana.
             Slain by bimbombam's ghost (19 damage)
             ... on level 7 of the Dungeon.
             The game lasted 01:49:58 (9238 turns).

PlayingRandomsOnly the Carver (Minotaur Reaver)     Turns: 9238, Time: 01:49:58

Health: -2/81      AC: 11    Str: 16    XL:     10   Next: 3%
Magic:  11/11      EV: 10    Int: 22    God:    Hepliaklqana [***...]
Gold:   459        SH:  0    Dex: 18    Spells: 10/11 levels left

rFire   . . .        A - +4 falchion of Woggonly {freeze, Int+2}
rCold   . . .        (no shield)
rNeg    . . .        h - +0 chain mail
rPois   .            (helmet restricted)
rElec   .            (no cloak)
rCorr   .            G - +0 pair of gloves
SInv    .            (no boots)
Will    .....        D - amulet of faith Stlth
                     y - +6 ring of intelligence
HPRegen 0.33/turn    I - ring "Kareekhu" {Wiz Int+4 Dex+4}
MPRegen 0.12/turn

%: faith, wizardry (x1)
@: confused, lethally poisoned (-2 -> -5), ambrosia-drunk, hasted and slowed
A: reduced essence, horns 2, retaliatory headbutt
a: Renounce Religion, Recall Ancestor, Ancestor Identity, Transference


You were on level 7 of the Dungeon.
You worshipped Hepliaklqana.
Hepliaklqana was most pleased with you.
You visited 2 branches of the dungeon, and saw 9 of its levels.

You collected 459 gold pieces.

Inventory:

Hand Weapons
 n - the +4 rapier "Ogreslayer" {heavy, *Corrode Will++ Int+2 Dex+2}
   (You found it on level 8 of the Dungeon)

   Int:       It affects your intelligence (+2).
   Dex:       It affects your dexterity (+2).
   *Corrode:  It may corrode you when you take damage.
   Will:      It greatly increases your willpower.
 A - the +4 falchion of Woggonly (weapon) {freeze, Int+2}
   (You took it off an orc on level 4 of the Dungeon)

   Int:       It affects your intelligence (+2).
Missiles
 c - 68 stones
 C - 11 poisoned darts (quivered)
 J - a curare-tipped dart
Armour
 h - a +0 chain mail (worn)
 G - a +0 pair of gloves (worn)
 K - +0 steam dragon scales
Jewellery
 a - an amulet of reflection
 y - a +6 ring of intelligence (left hand)
 B - an amulet of the acrobat
 D - an amulet of faith (around neck)
 I - the ring "Kareekhu" (right hand) {Wiz Int+4 Dex+4}
   (You found it on level 6 of the Dungeon)

   [ring of wizardry]

   It improves your spell success rate.
   Int:       It affects your intelligence (+4).
   Dex:       It affects your dexterity (+4).
Wands
 q - a wand of roots (5)
 F - a wand of acid (3)
 H - a wand of polymorph (5)
 M - a wand of flame (13)
Scrolls
 b - 2 scrolls of fear {unknown}
 f - a scroll of silence {unknown}
 g - 3 scrolls of vulnerability {unknown}
 i - a scroll of poison {unknown}
 m - a scroll of enchant armour {unknown}
 p - a scroll of magic mapping {unknown}
 r - a scroll of fog {unknown}
 s - 2 scrolls of noise {unknown}
 t - 2 scrolls of brand weapon {unknown}
 w - a scroll of teleportation {unknown}
 z - 2 scrolls of enchant weapon {unknown}
Potions
 d - a potion of haste
 e - 6 potions of mutation
 j - 6 potions of brilliance
 k - a potion of resistance
 o - 2 potions of attraction
 u - a potion of lignification {unknown}
 v - a potion of magic {unknown}


   Skills:
 + Level 8.8 Fighting
 * Level 11.9 Long Blades
 - Level 6.1 Armour
 - Level 5.6 Dodging
 - Level 1.3 Spellcasting
 - Level 2.1 Conjurations
 + Level 3.7 Evocations


You had 10 spell levels left.
You knew the following spells:

 Your Spells              Type           Power      Damage    Failure   Level
a - Kiss of Death         Conj/Necr      24%        2d7       34%         1

Your spell library contained the following spells:

 Spells                   Type           Power      Damage    Failure   Level
 Momentum Strike          Conj/Tloc      12%        3d8       45%         2
 Hailstorm                Conj/Ice       6%         3d4       69%         3
 Portal Projectile        Hex/Tloc       2%         N/A       83%         3
 Tukima's Dance           Hex            1%         N/A       83%         3
 Vhi's Electric Charge    Tloc/Air       2%         N/A       83%         3
 Cause Fear               Hex            0%         N/A       99%         4
 Arcjolt                  Conj/Air       3%         1d13      100%        5
 Blade Hands              Tmut           0%         N/A       100%        5
 Dragon Form              Tmut           0%         N/A       100%        7
 Maxwell's Capacitive Co  Air            0%         ∞         100%        8
 Dragon's Call            Summ           0%         N/A       100%        9


Dungeon Overview and Level Annotations

Branches:
Dungeon (8/15)             Temple (1/1) D:4            Lair (0/5) D:8

Altars:
Ashenzari
Cheibriados
Dithmenos
Elyvilon
Fedhas
Gozag
Hepliaklqana
Kikubaaqudgha
Makhleb
Nemelex Xobeh
Okawaru
Qazlal
Ru
Sif Muna
Trog
Uskayaw
Vehumet
Wu Jian
Xom
Yredelemnul
Zin
The Shining One

Shops:
D:8 :

Annotations:
D:6 2 transporters with veryspooky ogre
D:7 exclusion: oklob plant, bimbombam's ghost, novice TrFi


Innate Abilities, Weirdness & Mutations

Your life essence is reduced to manifest your ancestor. (-10% HP)
You have a pair of horns on your head.
You reflexively headbutt those who attack you in melee.


Message History

You headbutt bimbombam's ghost.
The kobold brigand throws a curare-tipped dart.
The curare-tipped dart hits you.
You are more poisoned.
You have difficulty breathing.
You feel as though you will be slow longer.
A mysterious force pulls you upwards. The hatch slams shut behind you.
Level annotation: exclusion: oklob plant You feel very sick.
Okay, then.
Press: ? - help, v - describe, . - travel
Here: bimbombam's ghost (lightly damaged)
The floor.
Okay, then.
Okay, then.
You feel yourself speed up.
You feel very sick.
Bimbombam's ghost whispers, "You will understand me better in a moment."
Bimbombam's ghost hits you! Bimbombam's ghost hits you!!
* * * LOW HITPOINT WARNING * * *
Aiming: Fastroot
Press: ? - help, Shift-Dir - straight line The roots erupt in riotous growth!
Bimbombam's ghost is unaffected.
You feel very sick. Bimbombam's ghost hits you!
* * * LOW HITPOINT WARNING * * *
You are confused.
You feel invigorated.
* * * LOW HITPOINT WARNING * * *
You feel very sick.
Bimbombam's ghost hits you but does no damage.
Press: ? - help, v - describe, . - travel A rock wall.
You feel sick. Bimbombam's ghost closely misses you.
You're too confused to move!
You feel sick. Bimbombam's ghost hits you.
* * * LOW HITPOINT WARNING * * *
Bimbombam's ghost attacks as you move away!
Bimbombam's ghost barely misses you.
You feel sick.
You bump into the rock wall.
You feel sick. Bimbombam's ghost hits you!!
You die...

#....# ##########
###.##.####........#
#.._....^.#........#
#.#.#.....#........#
#.#.......#........#
#.........#####.####
###.........##..#
#.....†.#[##.##
#.......#..@W.#
####.#######..## #.#
#...## ### #.#
#.#..## #.. ####
############.##..#
#.>


PP.PP.P#PPPP..P #.###.# #.. P.P.P##PPP#♣.♣ #.# #.## #.. #.PP#P#PP♣PP#P ##.#
#..## ###.. P..♣.♣.PPPPPPP##..# ##..#####.... You could see bimbombam's ghost.

Vanquished Creatures
  Joseph (D:8)
  Maggie (D:8)
  The ghost of MrIGI the Firebug, an amateur HOFE (D:4)
  An acid dragon (D:8)
  A water moccasin (D:5)
  A sky beast (D:8)
  3 black bears
  An orc warrior (D:6)
  An ogre (D:7)
  2 centaurs
  2 bullfrogs
  7 kobold brigands (D:8)
  Blork the orc (D:4)
  4 scorpions
  A wyvern skeleton (D:4)
  2 killer bees (D:8)
  A howler monkey (D:6)
  A bullfrog zombie (D:4)
  3 hounds
  Crazy Yiuf (D:7)
  4 orc priests
  An iguana (D:6)
  Natasha (thrice) (D:3)
  2 sleepcaps
  4 orc wizards
  A killer bee zombie (D:4)
  Robin (D:2)
  4 adders
  5 gnolls
  A white imp (D:6)
  2 worms
  A dart slug (D:1)
  19 orcs
  11 bats
  8 endoplasms
  A giant cockroach (D:3)
  15 goblins
  7 hobgoblins
  4 quokkas
  2 ball pythons (D:3)
  5 frilled lizards
  8 kobolds
  5 rats
150 creatures vanquished.

Vanquished Creatures (collateral kills)
  A steam dragon (D:7)
  A sky beast (D:8)
  2 kobold brigands (D:8)
  A scorpion (D:7)
  3 killer bees
  A hound (D:6)
  A sleepcap (D:6)
  An orc wizard (D:8)
  3 gnolls
  An ufetubus (D:6)
  4 orcs (D:7)
  6 kobolds (D:8)
25 creatures vanquished.

Vanquished Creatures (others)
  A kobold brigand (D:8)
  An orc wizard (D:4)
  3 battlemagi (D:8)
  An ancestor (D:6)
  A kobold (D:8)
7 creatures vanquished.

Grand Total: 182 creatures vanquished

Notes
Turn   | Place    | Note
-------+----------+-------------------------------------------
     0 | D:1      | PlayingRandomsOnly the Minotaur Reaver began the quest for
                  | the Orb.
     0 | D:1      | Reached XP level 1. HP: 18/18 MP: 1/1
   185 | D:1      | Reached XP level 2. HP: 25/25 MP: 3/3
   269 | D:1      | Reached skill level 4 in Long Blades
   798 | D:2      | Noticed Robin
   861 | D:2      | Killed Robin
   862 | D:2      | Reached XP level 3. HP: 31/31 MP: 4/4
   878 | D:2      | Reached skill level 1 in Armour
  1133 | D:2      | Reached XP level 4. HP: 39/39 MP: 5/5
  1454 | D:2      | Noticed a black bear
  1517 | D:2      | Killed a black bear
  1518 | D:2      | Reached skill level 5 in Long Blades
  1518 | D:2      | Reached XP level 5. HP: 42/46 MP: 6/6
  1960 | D:5      | Entered Level 5 of the Dungeon
  1962 | D:5      | Noticed a centaur
  2142 | D:3      | Noticed Natasha
  2152 | D:3      | Killed Natasha
  2161 | D:3      | Found a hazy altar of Hepliaklqana.
  2169 | D:3      | Became a worshipper of Hepliaklqana the Forgotten
  2177 | D:3      | Noticed Natasha
  2182 | D:3      | Killed Natasha
  2214 | D:3      | Noticed a +0 dagger
  2214 | D:3      | Noticed a +0 hand axe
  2215 | D:3      | Found a hide-covered altar of Uskayaw.
  2328 | D:3      | Noticed Natasha
  2343 | D:3      | Killed Natasha
  2344 | D:3      | Reached XP level 6. HP: 38/53 MP: 7/7
  2519 | D:3      | Found a burning altar of Makhleb.
  2521 | D:3      | Noticed a green death
  2528 | D:3      | Noticed a hellwing
  2528 | D:3      | Noticed a smoke demon
  2639 | D:3      | Found a glowing silver altar of Zin.
  2675 | D:3      | Found a sparkling altar of Nemelex Xobeh.
  2791 | D:4      | Reached skill level 6 in Long Blades
  3095 | D:4      | Noticed Blork the orc
  3229 | D:4      | Reached skill level 5 in Fighting
  3312 | D:4      | Found a runed translucent gate.
  3314 | D:4      | Found a runed translucent gate.
  3315 | D:4      | Found a runed translucent gate.
  3316 | D:4      | Noticed MrIGI's ghost (amateur HOFE)
  3372 | D:4      | Identified the +4 falchion of Woggonly {freeze, Int+2}
  3410 | D:4      | Reached XP level 7. HP: 44/61 MP: 8/8
  3583 | D:4      | Found a staircase to the Ecumenical Temple.
  3615 | Temple   | Entered the Ecumenical Temple
  3854 | D:4      | Found an iron altar of Okawaru.
  3926 | D:4      | Killed Blork the orc
  4419 | D:4      | Killed MrIGI's ghost
  4420 | D:4      | Reached skill level 7 in Long Blades
  4801 | D:5      | Reached XP level 8. HP: 53/70 MP: 9/9
  4872 | D:5      | Reached skill level 5 in Armour
  4877 | D:5      | Reached * piety under Hepliaklqana
  4959 | D:5      | Reached skill level 8 in Long Blades
  5317 | D:5      | Reached skill level 5 in Dodging
  5473 | D:5      | Found a glowing golden altar of the Shining One.
  5953 | D:6      | Reached skill level 9 in Long Blades
  6101 | D:6      | Found a bloodstained altar of Trog.
  6218 | D:6      | Identified the +10 great mace of the Poles {elec, rF- Will+
                  | Dex+5}
  6218 | D:6      | Noticed a two-headed ogre
  6219 | D:6      | Found a transporter.
  6220 | D:6      | Noticed bimbombam's ghost (novice TrFi)
  6223 | D:6      | Found a transporter.
  6410 | D:6      | Reached ** piety under Hepliaklqana
  6412 | D:6      | Remembered your ancestor Blajio as a battlemage
  6481 | D:6      | Found a shimmering altar of Xom.
  6595 | D:6      | Identified the ring "Kareekhu" {Wiz Int+4 Dex+4}
  6966 | D:7      | Reached XP level 9. HP: 48/71 MP: 10/10
  6994 | D:7      | Reached skill level 1 in Evocations
  7178 | D:8      | Found Puedeike's Book Boutique.
  7242 | D:7      | Found a runed translucent door.
  7243 | D:7      | Noticed Crazy Yiuf
  7251 | D:7      | Killed Crazy Yiuf
  7390 | D:8      | Noticed Maggie
  7421 | D:7      | Reached skill level 10 in Long Blades
  7641 | D:7      | Found a basalt altar of Yredelemnul.
  7740 | D:7      | Found a blossoming altar of Fedhas.
  7774 | D:7      | Noticed an oklob plant
  7795 | D:7      | Reached *** piety under Hepliaklqana
  7992 | D:8      | Found a staircase to the Lair.
  8223 | D:8      | Killed Maggie
  8224 | D:8      | Reached skill level 11 in Long Blades
  8225 | D:8      | Noticed Joseph
  8236 | D:8      | Killed Joseph
  8485 | D:8      | Identified the +4 rapier "Ogreslayer" {heavy, *Corrode
                  | Will++ Int+2 Dex+2}
  8534 | D:8      | Found a runed translucent gate.
  8538 | D:8      | Found a runed translucent gate.
  8538 | D:8      | Found a runed translucent gate.
  8539 | D:8      | Noticed bimbombam's ghost (novice TrFi)
  8986 | D:8      | Reached XP level 10. HP: 51/81 MP: 11/11
  9233 | D:7      | HP: 4/81 [bimbombam's ghost (11)]
  9238 | D:7      | Slain by bimbombam's ghost

Illustrated notes

Levels and vault maps discovered:
D:1:      minmay_arrival_jagged, layout_loops_cross, amethyst_killhole
D:2:      layout_loops_ring, uniq_robin
D:3:      layout_loops_cross, nzn_hepliaklqana_mist_gate,
          makhleb_altar_promises_db, dancing_weapons_uskayaw,
          mainiacjoe_overflow_two_lobes, nrook_campfire, minivault_26,
          minmay_joined_circles, uniq_natasha
D:4:      layout_loops_ring, okawaru_ov_weapons_minmay,
          minmay_temple_entry_mist, gammafunk_ghost_necromancy,
          lightli_corner_chamber, uniq_blork_the_orc
D:5:      nicolae_BIG_FREAKIN_CUBE, layout_loops_ring,
          mainiacjoe_overflow_cross_hatched
D:6:      layout_basic, lemuel_tele_altar, mainiacjoe_overflow_boulevard,
          gammafunk_ghost_smash, hangedman_abyss_or_decor_stabs,
          grunt_decor_fettered
D:7:      layout_rooms, tgw_fedhas, lemuel_crystal_altar,
          uniq_crazy_yiuf_cottage
D:8:      layout_cave_pools, lair_entry_dummy, serial_shops, shop,
          gammafunk_ghost_nasty_kobolds, uniq_maggie, uniq_joseph
Temple:   chequers_temple_sunken

Skill      XL: |  1  2  3  4  5  6  7  8  9 |
---------------+----------------------------+-----
Fighting       | 3 4 5 7 8 |  8.8
Long Blades    | 4 5 6 7 9 11 | 11.9
Armour         | 1 2 3 4 6 |  6.1
Dodging        | 3 4 5 |  5.6
Evocations     | 3 |  3.7
Spellcasting   | |  1.3
Conjurations   | |  2.1

Action                     |  1- 3 |  4- 6 |  7- 9 | 10-12 || total
---------------------------+-------+-------+-------+-------++-------
  Melee: Falchion          |    91 |   180 |   204 |       ||   475
         Headbutt          |    15 |    33 |    42 |       ||    90
         Punch             |     1 |     3 |     5 |       ||     9
  Throw: Stone             |     1 |       |     6 |       ||     7
         Dart              |       |       |     6 |     4 ||    10
 Invoke: Ancestor Life: Ba |       |       |     1 |       ||     1
         Ancestor Identity |       |       |     1 |       ||     1
         Recall Ancestor   |       |       |     3 |     1 ||     4
  Evoke: Wand              |       |       |     4 |     3 ||     7
    Use: Scroll            |       |     1 |    11 |       ||    12
         Potion            |       |     2 |     5 |     3 ||    10
   Stab: Distracted        |       |       |     4 |       ||     4
         Invisible         |       |       |     1 |       ||     1
 Armour: Leather armour    |     9 |       |       |       ||     9
         Chain mail        |    45 |    90 |    84 |     2 ||   221
  Dodge: Dodged            |    40 |    63 |    67 |     4 ||   174
  Block: Other             |       |       |    15 |       ||    15
